[Event "Titled Tuesday Blitz April 11 Late 2023"]
[White "Svicevic, Rastko"]
[Black "Klenburg, Michael"]
[WhiteFideId "916315"]
[BlackFideId "14102072"]
[WhiteElo "2071"]
[BlackElo "2396"]
[Result "0-1"]
[Round "01"]
[TimeControl "180+2"]
[Date "2023.04.11"]
[WhiteClock "0:00:00"]
[BlackClock "0:00:00"]

1. d4 d6 2. e4 Nf6 3. Nc3 g6 4. f4 Bg7 5. Nf3 c5 6. dxc5 Qa5 7. Bd2 Qxc5 8. Bb5+ Nc6 9. Qe2 O-O 10. O-O-O a6 11. Be3 Qb4 12. a3 Qa5 13. Bxc6 bxc6 14. e5 Ng4 15. Bd2 Qb6 16. h3 Nh6 17. g4 Rb8 18. b3 Be6 19. Be3 Qa5 20. Kb2 c5 21. Nd5 Bxd5 22. Rxd5 Qc7 23. Rhd1 Kh8 24. Ka2 c4 25. exd6 cxb3+ 26. cxb3 exd6 27. Bd4 Ng8 28. Qb2 f6 29. g5 Qc6 30. gxf6 Nxf6 31. Bc3 Rbc8 32. R5d3 Qb5 33. Ng5 Qf5 34. Rd5 Nxd5 35. Bxg7+ Kg8 36. Bxf8 Rxf8 37. Qd2 Nxf4 38. h4 d5 39. Rc1 Re8 40. Rc2 Re2 41. Qc3 Rxc2+ 0-1


[Site "https://www.chess.com"]

[Event "Titled Tuesday Blitz April 11 Late 2023"]
[White "Martic, Ivan"]
[Black "Albuquerque Junior,Wellington S."]
[WhiteFideId "929301"]
[BlackFideId "2151480"]
[WhiteElo "2360"]
[BlackElo "2109"]
[Result "1-0"]
[Round "01"]
[TimeControl "180+2"]
[Date "2023.04.11"]
[WhiteClock "0:00:13"]
[BlackClock "0:00:16"]

1. d4 Nf6 2. Bg5 Ne4 3. Bf4 d5 4. e3 g6 5. Nd2 Nxd2 6. Qxd2 Bg7 7. Nf3 c6 8. h4 h6 9. Be5 Kf8 10. Be2 Nd7 11. Bg3 Nf6 12. Bd3 Bf5 13. Bf4 Bxd3 14. cxd3 Qb6 15. Rc1 a5 16. O-O Kg8 17. Ne5 e6 18. Rc3 Qd8 19. a4 Nd7 20. Nf3 Kh7 21. Rb3 Ra7 22. Re1 Re8 23. Bd6 Bf8 24. Bg3 Bg7 25. e4 Nf6 26. Qc2 Bf8 27. Ne5 Kg7 28. Bf4 Nd7 29. Bxh6+ Kg8 30. Bxf8 Rxf8 31. Nf3 Qf6 32. Qd2 Rc8 33. Rc3 Qe7 34. Qf4 Qf6 35. Qd6 Nf8 36. Qc5 Ra6 37. Rb3 Qd8 38. Ne5 b6 39. Qc1 c5 40. dxc5 Rxc5 41. Qf4 Qe7 42. exd5 Rxd5 43. Rc3 Nh7 44. Qh6 Qf8 45. Qf4 Qe7 46. Rc8+ Kg7 47. Rec1 Nf6 48. R1c7 Nd7 49. Nxd7 Rxd7 50. Qe5+ f6 51. Rxd7 Qxd7 52. Rc7 fxe5 53. Rxd7+ Kf6 54. Rb7 e4 55. dxe4 Ke5 56. f3 Kf4 57. Kf2 Ke5 58. g3 Kd6 59. Ke3 Kc6 60. Rg7 b5 61. axb5+ Kxb5 62. Rxg6 Rb6 63. h5 Kc4 64. h6 Rb3+ 65. Kf4 Rxb2 66. Rxe6 Rb8 67. h7 Rh8 68. Re7 a4 69. Kg5 a3 70. Kg6 Ra8 71. Rc7+ Kd3 72. Rc1 Ke3 73. Ra1 Kxf3 74. Rxa3+ Rxa3 75. h8=Q Kxg3 76. Qf6 Rf3 77. Qxf3+ Kxf3 78. e5 Kf4 79. e6 Ke5 80. e7 Kd6 81. e8=Q Kc7 82. Qe6 Kd8 83. Qf7 Kc8 84. Kf6 Kd8 85. Ke6 Kc8 86. Kd6 Kb8 87. Kc6 Kc8 88. Qe8# 1-0


[Site "https://www.chess.com"]

[Event "Titled Tuesday Blitz April 11 Late 2023"]
[White "Moreira, Ronaldo Alonso"]
[Black "Belov, Alexei"]
[WhiteFideId "2110547"]
[BlackFideId "4128206"]
[WhiteElo "2037"]
[BlackElo "2421"]
[Result "0-1"]
[Round "01"]
[TimeControl "180+2"]
[Date "2023.04.11"]
[WhiteClock "0:00:00"]
[BlackClock "0:00:00"]

1. d4 e6 2. c4 d5 3. Nc3 Be7 4. cxd5 exd5 5. Nf3 c6 6. Bf4 Nf6 7. e3 Bf5 8. Be2 Nbd7 9. O-O O-O 10. Rc1 Re8 11. Na4 Ne4 12. Nd2 Ndf6 13. f3 Nxd2 14. Qxd2 Bd6 15. Bxd6 Qxd6 16. Rfe1 Re7 17. Nc5 Rae8 18. Bd3 Bxd3 19. Nxd3 Nd7 20. Re2 g6 21. b4 Nb6 22. Nb2 Re6 23. a4 Qe7 24. a5 Nc8 25. Rce1 Nd6 26. Qc3 Nf5 27. e4 dxe4 28. fxe4 Nd6 29. e5 Nb5 30. Qc4 Qd7 31. Re4 Rd8 32. Rd1 Qd5 33. Qxd5 Rxd5 34. Nc4 f6 35. Kf2 Nc3 0-1


[Site "https://www.chess.com"]

[Event "Titled Tuesday Blitz April 11 Late 2023"]
[White "Kourkoulos-Arditis, Stamatis"]
[Black "Dahlgren, James Allen"]
[WhiteFideId "4221990"]
[BlackFideId "22256873"]
[WhiteElo "2400"]
[BlackElo "1824"]
[Result "1-0"]
[Round "01"]
[TimeControl "180+2"]
[Date "2023.04.11"]
[WhiteClock "0:00:01"]
[BlackClock "0:00:01"]

1. e4 e6 2. d4 c5 3. d5 exd5 4. exd5 d6 5. Nc3 f5 6. Nf3 Nf6 7. Bb5+ Nbd7 8. O-O Be7 9. Ng5 Qb6 10. Re1 a6 11. Qe2 Ng8 12. Ba4 h6 13. Qh5+ 1-0


[Site "https://www.chess.com"]

[Event "Titled Tuesday Blitz April 11 Late 2023"]
[White "Dilmukhametov, Artur"]
[Black "Goroshkov, Maksym"]
[WhiteFideId "24179922"]
[BlackFideId "14142716"]
[WhiteElo "2199"]
[BlackElo "2322"]
[Result "0-1"]
[Round "01"]
[TimeControl "180+2"]
[Date "2023.04.11"]
[WhiteClock "0:00:11"]
[BlackClock "0:00:15"]

1. e4 e6 2. Nf3 d5 3. e5 c5 4. b4 cxb4 5. a3 bxa3 6. d4 Nc6 7. c3 Nh6 8. Bd3 Nf5 9. Nxa3 h5 10. O-O Be7 11. Nb5 O-O 12. Bxf5 exf5 13. Bf4 g5 14. Bc1 f4 15. Qc2 g4 16. Ne1 a6 17. Bxf4 Bg5 18. Bxg5 Qxg5 19. Nd6 Be6 20. f4 gxf3 21. Rxf3 h4 22. Nxb7 Rac8 23. Nc5 Nxe5 24. Rf2 Ng4 25. Rf1 Qe3+ 26. Kh1 f5 27. h3 Nf6 28. Rxa6 Rxc5 29. dxc5 Ne4 30. Kh2 Qg3+ 31. Kh1 Qe5 32. Nf3 Ng3+ 33. Kg1 Qe3+ 34. Rf2 Rb8 35. Kh2 Bf7 36. c6 Qf4 37. Kg1 Re8 38. Ra1 Qd6 39. Qa4 Ne2+ 40. Rxe2 Rxe2 41. Qxh4 Qxc6 42. Qg3+ Kf8 43. Ra7 Qc5+ 44. Kf1 Re8 45. Rc7 Qe3 46. Qd6+ Kg8 47. Qf6 Qe6 48. Qg5+ Qg6 49. Qxg6+ Bxg6 50. Rc5 Bf7 51. Nd4 Re4 52. Kf2 f4 53. Kf3 Bh5+ 54. g4 fxg3+ 55. Kxg3 Bf7 56. Nf3 Re3 57. Kf4 Rd3 58. Ne5 Rxh3 59. Nxf7 Kxf7 60. Ke5 Rh5+ 61. Kd4 Ke6 62. Rc6+ Kd7 63. Rg6 Rf5 64. Rg3 Kd6 65. Rg6+ Kd7 66. Kc5 Rh5 67. Rg3 Ke6 68. Re3+ Kd7 69. Rd3 Ke6 70. Re3+ Kd7 71. Kd4 Kd6 72. Rf3 Rh4+ 73. Kd3 Kc5 74. Re3 Ra4 75. Rg3 Ra3 76. Rg5 Ra1 77. c4 Ra3+ 78. Kc2 Kxc4 79. Rg8 Rh3 80. Rc8+ Kd4 81. Rg8 Rh2+ 82. Kd1 Kc3 83. Rg3+ Kc4 84. Rg8 d4 85. Rc8+ Kd3 86. Ke1 Rh1+ 87. Kf2 Kd2 88. Ra8 d3 89. Ra2+ Kc3 90. Ra3+ Kc2 91. Ra2+ Kb3 92. Rd2 Kc3 93. Ra2 d2 94. Ra3+ Kb2 0-1


[Site "https://www.chess.com"]

[Event "Titled Tuesday Blitz April 11 Late 2023"]
[White "Coenen, Michael"]
[Black "Thomas, Anysia"]
[WhiteFideId "4697367"]
[BlackFideId "670472"]
[WhiteElo "2328"]
[BlackElo "2091"]
[Result "1/2-1/2"]
[Round "01"]
[TimeControl "180+2"]
[Date "2023.04.11"]
[WhiteClock "0:00:32"]
[BlackClock "0:00:19"]

1. Nf3 g6 2. g3 Bg7 3. Bg2 c5 4. O-O Nc6 5. c3 d5 6. d4 cxd4 7. Nxd4 Nf6 8. Nb3 O-O 9. Bg5 e6 10. N1d2 b6 11. e4 h6 12. Bxf6 Bxf6 13. exd5 exd5 14. Nf3 Bb7 15. Qd2 Bg7 16. Rad1 Ne7 17. Rfe1 Qc7 18. Nfd4 a6 19. Nc2 Rfe8 20. Nbd4 Rad8 21. Ne2 Nf5 22. Qf4 Be5 23. Qc1 Bg7 24. Ned4 Nd6 25. Rxe8+ Rxe8 26. Ne3 Ne4 27. Ndc2 Qe5 28. Nb4 Qf6 29. Qc2 d4 30. Ned5 Qf5 31. Nxb6 a5 32. Nd3 dxc3 33. bxc3 Nxc3 34. Bxb7 Nxd1 35. Qxd1 Rb8 36. Nc4 Rxb7 37. Nd6 Qd5 38. Nxb7 Qxb7 39. Qb3 Qe7 40. Qd5 Bc3 41. Kg2 Kg7 42. h4 Qf6 43. Qc4 Bd4 44. Qd5 a4 45. Qe4 a3 46. Qd5 Bb2 47. Qf3 Qa6 48. Qd5 Bf6 49. Qe4 Bb2 50. Qd5 Bf6 51. Nc5 Qb5 52. Kf3 Qb2 53. Ne4 Qe5 54. Qc6 Qd4 55. Kg2 Qe5 56. Qc4 Qd4 57. Qxd4 Bxd4 58. Kf3 Be5 59. Ke2 f5 60. Nc5 Kf6 61. Kd3 Bb2 62. f3 Be5 63. f4 Bd6 64. Na4 g5 65. hxg5+ hxg5 66. Ke3 gxf4+ 67. gxf4 Ke6 68. Nc3 Bc5+ 69. Kf3 Bd4 70. Nb5 Bb2 71. Ke2 Kd5 72. Kd3 Bc1 73. Nc3+ Kc5 74. Ne2 Bb2 75. Ng3 Bc1 76. Nxf5 Bxf4 77. Kc2 Be5 78. Kb3 Bb2 79. Ne3 Bc1 80. Nc2 Bb2 81. Ne1 Kb6 82. Nd3 Ka5 83. Kc4 Ka6 84. Nb4+ Ka7 85. Nd5 Ka6 86. Kc5 Ka5 87. Kc4 Ka4 88. Nb6+ Ka5 89. Nd7 Ka6 90. Nc5+ Ka5 91. Nd3 Ka6 92. Kb3 Ka7 93. Nb4 Kb6 94. Nc2 Ka5 95. Ne3 Ka6 96. Nc4 Kb5 97. Nd6+ Ka6 98. Nf5 Kb6 99. Kc4 Ka5 100. Ne7 Ka6 101. Nd5 Ka5 102. Kc5 Ka6 103. Nc7+ Ka5 104. Nb5 Ka6 105. Nd6 Ka5 106. Nc4+ Ka6 107. Kb4 Kb7 108. Kb5 Ka7 109. Na5 Kb8 110. Nc6+ Kb7 111. Nb4 Ka7 112. Nd3 Kb7 113. Ka4 Ka7 114. Kb4 Kb7 115. Nf4 Ka7 116. Nd5 Kb7 117. Kb5 Ka7 118. Ne7 Kb7 119. Nc6 Kc7 120. Nb4 Kb7 121. Nd3 Ka7 122. Ka4 Kb7 123. Nf4 Ka7 124. Nd5 Kb7 125. Nb4 Ka7 126. Nc2 Kb7 1/2-1/2


[Site "https://www.chess.com"]

[Event "Titled Tuesday Blitz April 11 Late 2023"]
[White "Francisco Guecamburu, Candela Be"]
[Black "Sailer, Mike"]
[WhiteFideId "160911"]
[BlackFideId "2012901"]
[WhiteElo "2326"]
[BlackElo "2109"]
[Result "1-0"]
[Round "01"]
[TimeControl "180+2"]
[Date "2023.04.11"]
[WhiteClock "0:00:00"]
[BlackClock "0:00:00"]

1. e4 d5 2. exd5 Qxd5 3. Nc3 Qd6 4. d4 Nf6 5. Nf3 c6 6. Ne5 Nbd7 7. Nc4 Qc7 8. Qf3 Nb6 9. Bf4 Qd8 10. Nxb6 Qxb6 11. h3 Bf5 12. O-O-O e6 13. g4 Bg6 14. h4 Bb4 15. Be5 Bxc3 16. Qxc3 Nxg4 17. Bxg7 Rg8 18. Be5 Nxf2 19. Bc4 Nxh1 20. Rxh1 O-O-O 21. h5 Be4 22. Rf1 Rg2 23. Bb3 Rdg8 24. Rxf7 Rg1+ 25. Kd2 R8g2+ 26. Ke3 Bd5 27. Bxd5 exd5 28. Qd3 Rg5 29. Rf8+ Kd7 30. Qxh7+ Rg7 31. Qf5+ Ke7 32. Qf6+ Kd7 33. Qd6# 1-0


[Site "https://www.chess.com"]

[Event "Titled Tuesday Blitz April 11 Late 2023"]
[White "Lenaerts, Lennert"]
[Black "Cueto, Jonny"]
[WhiteFideId "211435"]
[BlackFideId "3300145"]
[WhiteElo "2334"]
[BlackElo "2234"]
[Result "1-0"]
[Round "01"]
[TimeControl "180+2"]
[Date "2023.04.11"]
[WhiteClock "0:00:00"]
[BlackClock "0:00:00"]

1. d4 e6 2. c4 Nf6 3. Nc3 Bb4 4. Qc2 c5 5. dxc5 Nc6 6. Nf3 O-O 7. a3 Bxc5 8. b4 Bd6 9. Bb2 b6 10. O-O-O Be5 11. e3 Bb7 12. Nxe5 Nxe5 13. Nb5 Nc6 14. Nd6 Qc7 15. g4 Ne8 16. Nxb7 Qxb7 17. Bd3 h6 18. g5 h5 19. Be4 b5 20. Qe2 g6 21. cxb5 Nd6 22. Rxd6 Qc7 23. Rxc6 dxc6 24. Bxc6 Rac8 25. Qc4 a6 26. a4 axb5 27. axb5 Rfd8 28. Qc3 e5 29. Qxe5 Qxe5 30. Bxe5 Rd3 31. Rd1 Rb3 32. Bd6 Kg7 33. Kc2 Ra3 34. Bc5 Ra2+ 35. Kb3 Rxf2 36. Rd7 Rxh2 37. Bd5 Rf2 38. b6 h4 39. b7 Re8 40. Bd6 h3 41. b8=Q Rxb8 42. Bxb8 h2 43. Bxh2 Rxh2 44. Rxf7+ Kh8 45. Rf6 Kh7 46. b5 Re2 47. Re6 Rg2 48. b6 Rxg5 49. b7 Rxd5 50. b8=Q 1-0


[Site "https://www.chess.com"]

[Event "Titled Tuesday Blitz April 11 Late 2023"]
[White "Gonzalez Zamora, Juan Carlos"]
[Black "Chemin, Justo Reinaldo"]
[WhiteFideId "3507548"]
[BlackFideId "2101580"]
[WhiteElo "2535"]
[BlackElo "1940"]
[Result "0-1"]
[Round "01"]
[TimeControl "180+2"]
[Date "2023.04.11"]
[WhiteClock "0:00:00"]
[BlackClock "0:00:00"]

1. e4 e6 2. d4 d5 3. Nd2 Nf6 4. e5 Nfd7 5. Bd3 c5 6. c3 Nc6 7. Ndf3 cxd4 8. cxd4 f6 9. exf6 Nxf6 10. Nh3 Bd6 11. O-O O-O 12. Re1 Qc7 13. g3 e5 14. dxe5 Nxe5 15. Nxe5 Bxh3 16. f4 Rae8 17. Qc2 Qxc2 18. Bxc2 Bxe5 19. fxe5 Ng4 20. Bf4 g5 21. Bxg5 Rf2 22. Bd1 Rg2+ 23. Kf1 Nxh2# 0-1


[Site "https://www.chess.com"]

[Event "Titled Tuesday Blitz April 11 Late 2023"]
[White "Barria Santos, Jose Guilherme"]
[Black "Bilan, Danila"]
[WhiteFideId "1939300"]
[BlackFideId "24161918"]
[WhiteElo "2266"]
[BlackElo "2182"]
[Result "0-1"]
[Round "01"]
[TimeControl "180+2"]
[Date "2023.04.11"]
[WhiteClock "0:00:19"]
[BlackClock "0:00:12"]

1. Nf3 d5 2. e3 Nf6 3. d4 c5 4. c4 cxd4 5. exd4 Nc6 6. Nc3 Bg4 7. Be3 e6 8. h3 Bh5 9. Be2 Be7 10. O-O dxc4 11. Bxc4 O-O 12. Be2 Nd5 13. Nd2 Nxe3 14. fxe3 Bg6 15. Bf3 Bg5 16. Nc4 Rc8 17. Bxc6 Rxc6 18. Qe2 Bf6 19. Rad1 Qc7 20. Nd2 Rd8 21. Nde4 Be7 22. Qf3 f5 23. Ng3 a6 24. d5 exd5 25. Nxd5 Qe5 26. Nxe7+ Qxe7 27. Rxd8+ Qxd8 28. Nxf5 Rf6 29. e4 Bxf5 30. exf5 Qd4+ 31. Kh1 Qxb2 32. Qd5+ Rf7 33. Qd8+ Rf8 34. Qd5+ Kh8 35. Qe6 Qf6 36. Qe4 b5 37. Rd1 h6 38. Rd5 Rc8 39. Kh2 Qf7 40. Qe6 Qc7+ 41. Qe5 Qxe5+ 42. Rxe5 Rc2 43. Re8+ Kh7 44. Re7 Kg8 45. h4 Rxa2 46. Kh3 Ra4 47. g4 Ra3+ 48. Kg2 b4 49. Ra7 a5 50. g5 hxg5 51. hxg5 b3 52. g6 Kf8 53. Kf2 a4 54. Ke2 Ra2+ 55. Kd3 b2 56. Kc2 a3 57. Rf7+ Ke8 58. Rxg7 Ra1 59. Rg8+ Ke7 60. Rb8 Rc1+ 61. Kd2 b1=Q 62. Rxb1 Rxb1 63. g7 Rg1 0-1


[Site "https://www.chess.com"]

[Event "Titled Tuesday Blitz April 11 Late 2023"]
[White "Poltorak, Sebastian"]
[Black "Tarnowska, Aleksandra"]
[WhiteFideId "1199498"]
[BlackFideId "1180967"]
[WhiteElo "2195"]
[BlackElo "1776"]
[Result "1-0"]
[Round "01"]
[TimeControl "180+2"]
[Date "2023.04.11"]
[WhiteClock "0:00:00"]
[BlackClock "0:00:00"]

1. d4 d5 2. c4 e6 3. Nc3 Nf6 4. cxd5 exd5 5. Bg5 Be7 6. e3 h6 7. Bh4 O-O 8. Bd3 c6 9. Nge2 Bg4 10. Qc2 Nbd7 11. h3 Bxe2 12. Nxe2 Ne4 13. Bxe7 Qxe7 14. Bxe4 dxe4 15. Nc3 Nf6 16. O-O-O a5 17. Kb1 b5 18. g4 a4 19. Rhg1 Nd5 20. Nxd5 cxd5 21. Qc6 Rfd8 22. Qxb5 a3 23. b3 Qf6 24. Qe2 Rab8 25. Rc1 Qh4 26. g5 hxg5 27. Rg4 Qxh3 28. Rxg5 Rbc8 29. Rcg1 g6 30. Qg4 Qxg4 31. R5xg4 Rc3 32. Rc1 Rdc8 33. Rxc3 Rxc3 34. Rg5 Rd3 35. Kc2 f6 36. Rxg6+ Kf7 37. Rh6 Ke7 38. Rh7+ Ke6 39. Rc7 Kf5 40. Rc3 Rxc3+ 41. Kxc3 Kg4 42. Kd2 Kf3 43. Ke1 Kg4 44. b4 Kf5 45. Kd2 Ke6 46. Kc3 Kd6 47. Kb3 Kc6 48. Kxa3 Kb5 49. Kb3 Kb6 50. a4 Kb7 51. a5 Ka7 52. b5 f5 53. Kb4 f4 54. Kc5 fxe3 55. fxe3 Kb7 56. Kxd5 1-0


[Site "https://www.chess.com"]

[Event "Titled Tuesday Blitz April 11 Late 2023"]
[White "Oliveira, Tiago Batista"]
[Black "Hajiyev, Kanan"]
[WhiteFideId "2108291"]
[BlackFideId "13404148"]
[WhiteElo "1962"]
[BlackElo "2103"]
[Result "0-1"]
[Round "01"]
[TimeControl "180+2"]
[Date "2023.04.11"]
[WhiteClock "0:00:00"]
[BlackClock "0:00:00"]

1. d4 Nf6 2. c4 e6 3. Nf3 b6 4. g3 Bb7 5. Bg2 Bb4+ 6. Bd2 Qe7 7. O-O O-O 8. a3 Bxd2 9. Qxd2 Ne4 10. Qc2 f5 11. Nc3 d6 12. Rad1 Nd7 13. Nd2 Nxc3 14. Bxb7 Nxe2+ 15. Kh1 Nxd4 16. Qc3 Rab8 17. Bg2 e5 18. b4 Nf6 19. Rfe1 Qf7 20. c5 bxc5 21. bxc5 Kh8 22. f4 Ng4 23. Kg1 Qh5 24. h3 Nf6 25. Qd3 Rfe8 26. cxd6 cxd6 27. fxe5 dxe5 28. Nc4 Rb3 29. Qf1 Rxg3 30. Nd6 Nf3+ 31. Kh1 Nxe1 32. Nxe8 Rxg2 33. Qxg2 Nxg2 34. Rd8 Nxe8 35. Kxg2 h6 0-1


[Site "https://www.chess.com"]

[Event "Titled Tuesday Blitz April 11 Late 2023"]
[White "Balog, Imre"]
[Black "Przybylski, Wojciech"]
[WhiteFideId "728446"]
[BlackFideId "1117599"]
[WhiteElo "2570"]
[BlackElo "2222"]
[Result "1-0"]
[Round "01"]
[TimeControl "180+2"]
[Date "2023.04.11"]
[WhiteClock "0:00:00"]
[BlackClock "0:00:00"]

1. e4 e5 2. Nf3 Nc6 3. Bc4 Nf6 4. d3 Be7 5. O-O O-O 6. a4 d6 7. h3 Na5 8. Ba2 c5 9. Nc3 Be6 10. Nd5 Nc6 11. c3 Rb8 12. Ng5 Bxd5 13. exd5 Na5 14. Ne4 Nxe4 15. dxe4 b6 16. b4 Nb7 17. Be3 Bg5 18. Qd2 h6 19. f4 exf4 20. Bxf4 Bxf4 21. Rxf4 Qe7 22. Raf1 f6 23. Bb1 cxb4 24. cxb4 Qe5 25. Rg4 Kh8 26. Rf5 Qa1 27. Qc1 Rbc8 28. Qe1 Qc3 29. Qh4 Qd4+ 30. Kh2 Rc1 31. Rh5 Qg1+ 32. Kg3 Rc3+ 33. Kf4 g5+ 34. Kf5 Qf1+ 35. Kg6 Rg8+ 36. Kf7 Rg7+ 37. Ke6 Nd8+ 38. Kxd6 gxh4 39. Rxh6+ Kg8 40. Rgxh4 Rcc7 41. Rh8+ Kf7 42. Rxd8 Re7 43. Rhh8 Qxg2 44. e5 fxe5 45. Rdf8# 1-0


[Site "https://www.chess.com"]

[Event "Titled Tuesday Blitz April 11 Late 2023"]
[White "Martin Carmona, Gaston Manuel"]
[Black "Levine, David"]
[WhiteFideId "22284567"]
[BlackFideId "2011611"]
[WhiteElo "2245"]
[BlackElo "2040"]
[Result "1-0"]
[Round "01"]
[TimeControl "180+2"]
[Date "2023.04.11"]
[WhiteClock "0:00:01"]
[BlackClock "0:00:01"]

1. Nf3 d5 2. d4 Nf6 3. c4 dxc4 4. e3 e6 5. Bxc4 c5 6. O-O Nc6 7. dxc5 Qxd1 8. Rxd1 Bxc5 9. a3 Ke7 10. b4 Bd6 11. Bb2 Bd7 12. Nbd2 Rac8 13. Be2 Rhd8 14. Rac1 Bb8 15. Nc4 Be8 16. b5 Rxd1+ 17. Rxd1 Nd8 18. a4 b6 19. Ba3+ 1-0


[Site "https://www.chess.com"]

[Event "Titled Tuesday Blitz April 11 Late 2023"]
[White "Aggelis, Nikolaos"]
[Black "Hartikainen, Jarmo"]
[WhiteFideId "4213220"]
[BlackFideId "503134"]
[WhiteElo "2189"]
[BlackElo "2108"]
[Result "0-1"]
[Round "01"]
[TimeControl "180+2"]
[Date "2023.04.11"]
[WhiteClock "0:00:01"]
[BlackClock "0:00:00"]

1. c4 Nf6 2. g3 g6 3. b3 Bg7 4. Bb2 O-O 5. Bg2 d6 6. Nf3 e5 7. O-O Nc6 8. d4 h6 9. dxe5 Ng4 10. Nc3 Ngxe5 11. Nxe5 Nxe5 12. Qd2 Qd7 13. Rfd1 Rd8 14. Rac1 c6 15. Ne4 d5 16. cxd5 cxd5 17. Nc5 Qf5 18. e4 Nf3+ 19. Bxf3 Qxf3 20. Bxg7 Bh3 0-1


[Site "https://www.chess.com"]

[Event "Titled Tuesday Blitz April 11 Late 2023"]
[White "Torres Dominguez, David"]
[Black "Karamsetty, Jeevan"]
[WhiteFideId "2220857"]
[BlackFideId "2025337"]
[WhiteElo "1999"]
[BlackElo "2111"]
[Result "1-0"]
[Round "01"]
[TimeControl "180+2"]
[Date "2023.04.11"]
[WhiteClock "0:00:01"]
[BlackClock "0:00:00"]

1. e4 g6 2. Nc3 Bg7 3. f4 d6 4. Nf3 a6 5. Bc4 e6 6. a4 Nf6 7. Bb3 O-O 8. d3 c5 9. O-O Nc6 10. Qe1 Rb8 11. f5 exf5 12. Qh4 Ne5 13. Nxe5 dxe5 14. Bg5 Qd4+ 15. Kh1 Nh5 16. Nd5 Be6 17. Be3 Qxb2 18. Rfb1 Qxb1+ 19. Rxb1 f4 20. Bxc5 Bxd5 21. Bxd5 Rfe8 22. a5 Rbc8 23. Bd6 Rxc2 24. Bc4 f3 25. gxf3 Bf6 26. Qg4 Nf4 27. Qd7 Re6 28. Bxe6 fxe6 29. Qe8+ Kg7 30. Qf8# 1-0


[Site "https://www.chess.com"]

[Event "Titled Tuesday Blitz April 11 Late 2023"]
[White "Kokoszczynski, Jan"]
[Black "Shahade, Michael"]
[WhiteFideId "1174460"]
[BlackFideId "2001870"]
[WhiteElo "2139"]
[BlackElo "2239"]
[Result "1-0"]
[Round "01"]
[TimeControl "180+2"]
[Date "2023.04.11"]
[WhiteClock "0:00:08"]
[BlackClock "0:00:01"]

1. d4 Nf6 2. c4 e6 3. Nc3 Bb4 4. f3 d5 5. a3 Be7 6. e4 dxe4 7. fxe4 e5 8. d5 Bc5 9. Nf3 Bg4 10. Bg5 Nbd7 11. h3 Bxf3 12. Qxf3 Bd4 13. Rc1 a5 14. Bd3 Nc5 15. Rf1 h6 16. Bxf6 Qxf6 17. Qxf6 gxf6 18. Bb1 Ke7 19. Bc2 Bxc3+ 20. bxc3 a4 21. Ke2 h5 22. Rf2 Rhg8 23. Rcf1 Nd7 24. Rg1 Rg3 25. Rf3 Rag8 26. Kf2 Rxf3+ 27. Kxf3 Nc5 28. g3 b6 29. Rb1 Ra8 30. Rg1 Rg8 31. Rg2 Rg7 32. Rh2 Rg8 33. Rd2 Rg7 34. Rd1 Rg8 35. Rb1 Ra8 36. Rb4 Kd6 37. g4 hxg4+ 38. Kxg4 Rg8+ 39. Kf3 Rh8 40. Kg2 Rg8+ 41. Kh2 Ra8 42. Rb1 Nd7 43. h4 Nc5 44. Rg1 Nd7 45. Kh3 Ke7 46. Rg4 Nc5 47. Rg7 Rh8 48. Rg1 Ra8 49. Rf1 Rh8 50. Kg4 Rg8+ 51. Kf3 Rh8 52. Rh1 Rh6 53. h5 Nd7 54. Kg4 Nc5 55. Rh2 Nd7 56. Bxa4 1-0


[Site "https://www.chess.com"]

[Event "Titled Tuesday Blitz April 11 Late 2023"]
[White "Joubert, Dantelle"]
[Black "Richter, Paul"]
[WhiteFideId "14310813"]
[BlackFideId "2046350"]
[WhiteElo "1507"]
[BlackElo "2171"]
[Result "0-1"]
[Round "01"]
[TimeControl "180+2"]
[Date "2023.04.11"]
[WhiteClock "0:00:00"]
[BlackClock "0:00:00"]

1. d4 Nf6 2. c4 g6 3. Nc3 Bg7 4. e4 d6 5. Nf3 O-O 6. Be2 Na6 7. O-O e5 8. dxe5 dxe5 9. Qxd8 Rxd8 10. Bg5 Re8 11. h3 c6 12. Be3 Nh5 13. Rfd1 Nf4 14. Bf1 h6 15. Rd2 Be6 16. Rad1 g5 17. Ne1 Bf8 18. a3 Bc5 19. Nc2 Bxe3 20. fxe3 Ng6 21. b4 Nc7 22. Na4 b6 23. Rd6 b5 24. Nb2 Ne7 25. Na1 a5 26. Nb3 axb4 27. axb4 Ra3 28. Nc5 Rxe3 29. Nxe6 Nxe6 30. cxb5 cxb5 31. Bxb5 Rb8 32. Bc4 Rxb4 33. Bxe6 fxe6 34. Rxe6 Kf7 35. Nd3 Rxd3 36. Rxe7+ Kxe7 37. Rxd3 Rxe4 38. Kf2 Rd4 39. Rxd4 exd4 40. Kf3 Kd6 41. Ke4 Kc5 0-1


[Site "https://www.chess.com"]

[Event "Titled Tuesday Blitz April 11 Late 2023"]
[White "Urbina Perez, Juan Antonio"]
[Black "Sanchez, Robert"]
[WhiteFideId "2217368"]
[BlackFideId "2034360"]
[WhiteElo "2197"]
[BlackElo "1966"]
[Result "1-0"]
[Round "01"]
[TimeControl "180+2"]
[Date "2023.04.11"]
[WhiteClock "0:00:00"]
[BlackClock "0:00:00"]

1. c4 e6 2. g3 d5 3. Bg2 Be7 4. b3 Nf6 5. Bb2 O-O 6. Nf3 c5 7. cxd5 exd5 8. d4 Nc6 9. O-O Be6 10. Nc3 Rc8 11. a3 h6 12. dxc5 Bxc5 13. b4 Be7 14. e3 Qd7 15. Ne2 Ne4 16. Rc1 Rfd8 17. Ned4 Bh3 18. Nxc6 bxc6 19. Nd4 Bxg2 20. Kxg2 c5 21. bxc5 Bxc5 22. Re1 Bf8 23. Qf3 Nd2 24. Qe2 Nc4 25. Red1 Rb8 26. Ba1 Bxa3 27. Rc2 Bf8 28. Nf3 Qe6 29. Qd3 a5 30. Nd4 Qd7 31. Nf3 Qe6 32. Qd4 Qg6 33. Ra2 Qe4 34. Bc3 Ra8 35. Ra4 Qg6 36. Ne5 Nxe5 37. Qxe5 Re8 38. Qxd5 Rad8 39. Qxd8 Rxd8 40. Rxd8 Qc6+ 41. e4 Qxa4 42. Be5 Qxe4+ 1-0


[Site "https://www.chess.com"]

[Event "Titled Tuesday Blitz April 11 Late 2023"]
[White "Eisa Mohmood, Alkhoori"]
[Black "Grot, Blazej"]
[WhiteFideId "9316116"]
[BlackFideId "21835845"]
[WhiteElo "1310"]
[BlackElo "1823"]
[Result "1-0"]
[Round "01"]
[TimeControl "180+2"]
[Date "2023.04.11"]
[WhiteClock "0:00:07"]
[BlackClock "0:00:03"]

1. e4 e5 2. Nf3 Nc6 3. Bb5 a6 4. Ba4 d6 5. O-O Bd7 6. c3 g6 7. d4 Bg7 8. Re1 h6 9. d5 Nce7 10. Bxd7+ Qxd7 11. c4 Nf6 12. Nc3 O-O 13. Be3 Nh5 14. Qd2 Kh7 15. c5 f5 16. cxd6 cxd6 17. exf5 gxf5 18. Rac1 f4 19. Bb6 Rac8 20. Ne4 Qb5 21. Bc7 Qxd5 22. Bxd6 Qxd2 23. Nfxd2 Rxc1 24. Rxc1 Rc8 25. Rxc8 Nxc8 26. Bc7 Kg6 27. Nc4 Kf5 28. Ned6+ Nxd6 29. Nxd6+ Ke6 30. Nxb7 Kd7 31. Ba5 Kc6 32. Nd8+ Kd7 33. Nb7 Kc6 34. Nd8+ Kd7 35. b4 e4 36. Nb7 Kc6 37. Nc5 e3 38. fxe3 fxe3 39. g3 Bd4 40. Kf1 Nf6 41. Ne6 Ba7 42. Bd8 Ng4 43. h3 Ne5 44. Bf6 Nd3 45. Bc3 Kd5 46. Nf4+ Kc4 47. Nxd3 Kxd3 48. Be1 e2+ 49. Kg2 Kc2 50. g4 Kd1 51. Bg3 Bb8 52. Bf2 Ba7 53. Bh4 Be3 54. a4 Bd2 55. b5 axb5 56. axb5 e1=Q 57. Bxe1 Kxe1 58. b6 Bf4 59. h4 Ke2 60. b7 Ke3 61. g5 hxg5 62. hxg5 Ke4 63. g6 Kd5 64. g7 Kc6 65. b8=Q Bc7 66. Qc8 Kb6 67. g8=R Bd6 68. Rg6 Kb5 69. Rxd6 Kb4 70. Rb6+ Ka5 71. Qa6# 1-0


[Site "https://www.chess.com"]

[Event "Titled Tuesday Blitz April 11 Late 2023"]
[White "Nakamura, Hikaru"]
[Black "Idani, Pouya"]
[WhiteFideId "2016192"]
[BlackFideId "12510130"]
[WhiteElo "2885"]
[BlackElo "2574"]
[Result "1-0"]
[Round "02"]
[TimeControl "180+2"]
[Date "2023.04.11"]
[WhiteClock "0:02:38"]
[BlackClock "0:00:54"]

1. Nf3 Nf6 2. b3 g6 3. d4 Bg7 4. Bb2 O-O 5. e3 d6 6. Be2 Nbd7 7. O-O e5 8. dxe5 Ng4 9. c4 Ngxe5 10. Nc3 Nxf3+ 11. Bxf3 a5 12. Qd2 Ne5 13. Be2 Be6 14. Rfd1 Qh4 15. Rac1 Ng4 16. Bxg4 Bxg4 17. Re1 Rfd8 18. Nd5 c6 19. Bxg7 Kxg7 20. Qd4+ f6 21. Nc7 1-0


[Site "https://www.chess.com"]